 Dungeon Crawl Stone Soup version 0.22-a0-565-gfc6459a524 (webtiles) character file.

178 mass2k the Changer (level 5, -4/48 HPs)
             Began as an Ogre Transmuter on June 28, 2018.
             Slain by an orc priest
             ... wielding a +3 short sword
              (8 damage)
             ... on level 4 of the Dungeon.
             The game lasted 00:08:00 (5044 turns).

mass2k the Changer (Ogre Transmuter)                Turns: 5044, Time: 00:08:01

Health: -4/48      AC:  4    Str: 14    XL:     5   Next: 58%
Magic:  14/17      EV: 10    Int: 15    God:
Gold:   192        SH:  0    Dex:  9    Spells: 5/8 levels left

rFire    . . .     SeeInvis +     - Unarmed
rCold    . . .     Gourm    .   (no shield)
rNeg     . . .     Faith    .   b - +0 robe
rPois    .         Spirit   .   (helmet restricted)
rElec    .         Reflect  .   m - +0 cloak
rCorr    .         Harm     .   (gloves unavailable)
MR       .....                  (boots unavailable)
Stlth    +.........             (no amulet)
HPRegen  0.16/turn              c - ring of see invisible
MPRegen  0.15/turn              h - ring of magical power

@: appendage
A: large, unfitting armour, horns 2, tough skin 1
a: End Transformation


You were on level 4 of the Dungeon.
You were not hungry.
You had grown temporary horns.
You visited 1 branch of the dungeon, and saw 4 of its levels.

You collected 192 gold pieces.

Inventory:

Missiles
 a - 34 arrows
 g - 99 stones (quivered)
Armour
 b - a +0 robe (worn)
 m - a +0 cloak (worn)
 x - a +0 pair of boots
Jewellery
 c - a ring of see invisible (left hand)
 h - a ring of magical power (right hand)
 o - a +3 ring of slaying {unknown}
Scrolls
 e - 2 scrolls of fog
 i - a scroll of blinking {unknown}
 l - 2 scrolls of teleportation {unknown}
 p - 2 scrolls of fear {unknown}
 s - 4 scrolls of identify {unknown}
 t - a scroll of enchant armour {unknown}
 v - a scroll of remove curse
Potions
 f - a potion of heal wounds {unknown}
 j - a potion of flight {unknown}
 k - a potion of cancellation {unknown}
 n - a potion of magic {unknown}
 q - a potion of brilliance {unknown}
 r - 2 potions of curing {unknown}
 w - a potion of haste {unknown}
 z - a potion of berserk rage {unknown}
Comestibles
 d - 11 rations


   Skills:
 - Level 1.3 Fighting
 - Level 1.7 Dodging
 - Level 2.6 Unarmed Combat
 - Level 2.4 Spellcasting
 + Level 5.1 Transmutations


You had 5 spell levels left.
You knew the following spells:

 Your Spells              Type           Power        Failure   Level  Hunger
a - Beastly Appendage     Tmut           ###...       2%          1    #......
b - Sticks to Snakes      Tmut           ###.....     3%          2    ###....

Your spell library contained the following spells:

 Spells                   Type           Power        Failure   Level  Hunger
 Spider Form              Tmut/Pois      #.........   22%         3    ###....
 Blade Hands              Tmut           ###.......   56%         5    ######.
 Ice Form                 Ice/Tmut       #.......     58%         4    #####..


Dungeon Overview and Level Annotations

Branches:
Dungeon (4/15)
 Temple: D:4-7

Altars:
Gozag
Okawaru


Innate Abilities, Weirdness & Mutations

You are too large for most types of armour.
You have tough skin. (AC +1)
You have a pair of horns on your head.


Message History

The orc priest hits you with an enchanted short sword.
You hit the orc priest.
The orc priest is severely wounded.
An orc priest comes into view. It is wielding a mace of protection.
The orc priest invokes the aid of Beogh against you.
Beogh smites you!
* * * LOW HITPOINT WARNING * * *
The orc priest looks satisfied for a moment.
You hit the orc priest but do no damage.
The orc priest is severely wounded.
The orc priest hits you with an enchanted short sword.
* * * LOW HITPOINT WARNING * * *
Casting: Beastly Appendage (safe; 2% risk of failure)
Confirm with . or Enter, or press ? or * to list all spells.
You create 2 snakes!
You now have 34 arrows.
The orc priest calls upon Beogh to heal the orc priest.
The orc priest is healed somewhat.
An orc comes into view. It is wielding a dagger.
The orc priest hits you with an enchanted short sword!
You die...

##'## #.# ## #.#
#.# .. #.# #.#
#. ##.## ...
##.##...##
oo#.....##
#o##S..#.#######
#o#.#...........
#o@.S..#.#######
.......###.#.##
####### ##.##
###


You could see 3 orc priests, 2 orcs, a friendly adder and a friendly ball
python.

Vanquished Creatures
  An orc wizard (D:4)
  4 adders
  A worm (D:3)
  5 dart slugs
  3 leopard geckos
  10 orcs
  A ball python (D:1)
  3 bats
  4 giant cockroaches
  4 goblins
  11 hobgoblins
  4 jackals (D:1)
  6 kobolds
  A ball python skeleton (D:4)
  5 frilled lizards
  5 rats
68 creatures vanquished.

Vanquished Creatures (collateral kills)
  An orc priest (D:4)
1 creature vanquished.

Grand Total: 69 creatures vanquished

Notes
Turn   | Place    | Note
-------+----------+-------------------------------------------
     0 | D:1      | mass2k the Ogre Transmuter began the quest for the Orb.
     0 | D:1      | Reached XP level 1. HP: 19/19 MP: 3/3
    36 | D:1      | Reached skill level 2 in Transmutations
   287 | D:1      | Reached XP level 2. HP: 17/27 MP: 5/5
   720 | D:1      | Reached skill level 3 in Transmutations
   889 | D:1      | Reached XP level 3. HP: 22/33 MP: 4/6
  1577 | D:1      | Learned a level 2 spell: Sticks to Snakes
  2143 | D:2      | Reached XP level 4. HP: 22/41 MP: 7/7
  2410 | D:2      | Reached skill level 4 in Transmutations
  2674 | D:2      | Found a faded altar of an unknown god.
  2734 | D:2      | Found an iron altar of Okawaru.
  3893 | D:3      | Found an opulent altar of Gozag.
  3908 | D:3      | Reached XP level 5. HP: 21/48 MP: 8/8
  4522 | D:4      | Found an iron altar of Okawaru.
  4827 | D:4      | Reached skill level 5 in Transmutations
  5044 | D:4      | Slain by an orc priest

Vault maps used:
D:1:      minmay_arrival_cross
D:2:      minmay_wonky_spiral, nicolae_overflow_crystal_walls,
          chequers_ecumenical_altar_island, first_ration
D:3:      nicolae_gozag_cash_rules_everything_around_me
D:4:      okawaru_metal_pillars_3

Skill      XL: |  1  2  3  4  5 |
---------------+----------------+-----
Transmutations | 2 3 4 5 |  5.1
Fighting       | |  1.3
Dodging        | |  1.7
Unarmed Combat | |  2.6
Spellcasting   | |  2.4

Action                   |  1- 3 |  4- 6 || total
-------------------------+-------+-------++-------
Melee: Unarmed           |   185 |   164 ||   349
       Kick              |     4 |     4 ||     8
       Headbutt          |       |    12 ||    12
       Punch             |       |     2 ||     2
 Cast: Beastly Appendage |     8 |    12 ||    20
       Sticks to Snakes  |       |     6 ||     6
  Use: Scroll            |     3 |       ||     3
  Eat: Chunk             |     4 |    10 ||    14
Armor: Robe              |    53 |    27 ||    80
Dodge: Dodged            |    97 |    74 ||   171

Table legend:
 A = Spawn XP
 B = Non-spawn XP
 C = Spawn XP percentage of total XP
 D = Spawn monster count
 E = Non-spawn monster count
 F = Spawn count percentage of total count
 G = Total turns spent on level
                    A         B        C        D         E        F      G
               +---------+---------+-------+---------+---------+-------+---------
         Total |       0 |     255 |   0.0 |       0 |      69 |   0.0 |  5044
               +---------+---------+-------+---------+---------+-------+---------
           D:1 |       0 |      60 |   0.0 |       0 |      29 |   0.0 |  1710
           D:2 |       0 |      56 |   0.0 |       0 |      17 |   0.0 |  1193
           D:3 |       0 |      52 |   0.0 |       0 |      13 |   0.0 |  1472
           D:4 |       0 |      87 |   0.0 |       0 |      10 |   0.0 |   669
               +---------+---------+-------+---------+---------+-------+---------
